SKY
TEXAS RANGERS @ BALTIMORE ORIOLES
07/19/2052
 
TOP OF THE 1ST
Texas Rangers batting - Pitching for Baltimore Orioles : LHP Jay Gordon
Pitching: LHP Jay Gordon
Batting: RHB Pedro Medrano 0-0: Ball
1-0: Called Strike
1-1: Ground out 4-3 (Groundball, 4M, EV 85.0 MPH)
Batting: RHB Brock Boon 0-0: Called Strike
0-1: Ball
1-1: Called Strike
1-2: Ball
2-2: Strikes out swinging
Batting: RHB Santo Alonso 0-0: Called Strike
0-1: Ground out 4-3 (Groundball, 34, EV 106.9 MPH)
Top of the 1st over - 0 runs, 0 hits, 0 errors, 0 left on base; Texas 0 - Baltimore 0
BOTTOM OF THE 1ST
Baltimore Orioles batting - Pitching for Texas Rangers : RHP Hayden Lévy
Pitching: RHP Hayden Lévy
Batting: LHB Tony Goerner 0-0: Hit by Pitch
Batting: SHB Magglio Trego 0-0: Ball
1-0: Ball
2-0: Ball
3-0: Swinging Strike
3-1: Foul Ball, location: 2F
3-2: Foul Ball, location: 7LDF
3-2: Fly out, F9 (Line Drive, 9S, EV 98.1 MPH)
Batting: SHB Kaleb Drew 0-0: Swinging Strike
0-1: Ball
1-1: Fly out, F9 (Flyball, 9, EV 72.5 MPH)
Batting: LHB Shaun Lane 0-0: Foul Ball, location: 2F
0-1: Ball
1-1: Called Strike
1-2: Ball
2-2: Foul Ball, location: 2F
2-2: Strikes out swinging
Bottom of the 1st over - 0 runs, 0 hits, 0 errors, 1 left on base; Texas 0 - Baltimore 0
TOP OF THE 2ND
Texas Rangers batting - Pitching for Baltimore Orioles : LHP Jay Gordon
Batting: RHB Johan Rodríguez 0-0: Ground out 4-3 (Groundball, 4, EV 91.3 MPH)
Now at 2B: Magglio Trego
Now in RF: Mateo Decker
Batting: RHB Sebastian Carsten 0-0: Ball
1-0: Called Strike
1-1: Ball
2-1: Called Strike
2-2: Strikes out swinging
Batting: RHB Yanus Cartageno 0-0: Ball
1-0: Called Strike
1-1: Ball
2-1: Foul Ball, location: 25F
2-2: Strikes out swinging
Top of the 2nd over - 0 runs, 0 hits, 0 errors, 0 left on base; Texas 0 - Baltimore 0
BOTTOM OF THE 2ND
Baltimore Orioles batting - Pitching for Texas Rangers : RHP Hayden Lévy
Batting: LHB Daryn Webber 0-0: Ball
1-0: Swinging Strike
1-1: Called Strike
1-2: Ball
2-2: Strikes out swinging, 2-3 out at first.
Batting: RHB Grayson Burdick 0-0: Called Strike
0-1: Foul Ball, location: 9LSF
0-2: Ball
1-2: Strikes out swinging
Batting: RHB Dong-Kyoon Shin 0-0: Ball
1-0: SINGLE (Line Drive, 9S, EV 106.9 MPH)
Batting: RHB Martin Taylor 0-0: Foul Ball, location: 23F
0-1: SINGLE (Line Drive, 3D, EV 106.9 MPH)
Dong-Kyoon Shin to second
Batting: RHB Gonçalo Melo 0-0: Called Strike
0-1: Ball
1-1: Ball
2-1: Fielders Choice at 2nd, 5-4 (Groundball, 56D, EV 100.6 MPH)
Bottom of the 2nd over - 0 runs, 2 hits, 0 errors, 2 left on base; Texas 0 - Baltimore 0
TOP OF THE 3RD
Texas Rangers batting - Pitching for Baltimore Orioles : LHP Jay Gordon
Batting: LHB Vladimiro Grotacos 0-0: Called Strike
0-1: Swinging Strike
0-2: Foul Ball, location: 2F
0-2: Ball
1-2: Reached on error, E4 (Groundball, 4, EV 95.6 MPH)
Batting: RHB Marco Ramos 0-0: Called Strike
0-1: Ball
1-1: Swinging Strike
1-2: Foul Ball, location: 9LMF
1-2: Foul Ball, location: 2F
1-2: Ball
2-2: Grounds into double play, 6-4-3 (Groundball, 6, EV 82.5 MPH)
Batting: RHB Matt Mechler 0-0: Called Strike
0-1: Ground out 6-3 (Groundball, 6, EV 86.9 MPH)
Top of the 3rd over - 0 runs, 0 hits, 1 error, 0 left on base; Texas 0 - Baltimore 0
BOTTOM OF THE 3RD
Baltimore Orioles batting - Pitching for Texas Rangers : RHP Hayden Lévy
Batting: LHB Tony Goerner 0-0: Ball
1-0: Foul Ball, location: 5SF
1-1: Ball
2-1: Called Strike
2-2: Ball
3-2: Foul Ball, location: 2F
3-2: Foul Ball, location: 5F
3-2: Foul Ball, location: 23F
3-2: Strikes out swinging
Batting: SHB Magglio Trego 0-0: Ball
1-0: Ball
2-0: Ball
3-0: Called Strike
3-1: SINGLE (Groundball, 23, EV 73.1 MPH) (infield hit)
Batting: RHB Mateo Decker 0-0: Called Strike
0-1: DOUBLE (Line Drive, 7LS, EV 110.6 MPH)
Magglio Trego to third
Runner from 3rd tries for Home, SAFE, no throw by LF
Batting: LHB Shaun Lane 0-0: Ball
1-0: Ball
2-0: Called Strike
2-1: SINGLE (Line Drive, 34D, EV 101.3 MPH)
Mateo Decker to third
Batting: LHB Daryn Webber 0-0: Grounds into double play, 6-4-3 (Groundball, 6, EV 105.0 MPH)
Bottom of the 3rd over - 1 run, 3 hits, 0 errors, 1 left on base; Texas 0 - Baltimore 1
TOP OF THE 4TH
Texas Rangers batting - Pitching for Baltimore Orioles : LHP Jay Gordon
Batting: RHB Pedro Medrano 0-0: Called Strike
0-1: Fly out, F7 (Flyball, 7, EV 80.0 MPH)
Batting: RHB Brock Boon 0-0: Foul Ball, location: 25F
0-1: Swinging Strike
0-2: Foul Ball, location: 9LSF
0-2: Ball
1-2: Strikes out swinging
Batting: RHB Santo Alonso 0-0: Foul Ball, location: 2F
0-1: Fly out, F5 (Popup, 5F, EV 69.4 MPH)
Top of the 4th over - 0 runs, 0 hits, 0 errors, 0 left on base; Texas 0 - Baltimore 1
BOTTOM OF THE 4TH
Baltimore Orioles batting - Pitching for Texas Rangers : RHP Hayden Lévy
Batting: RHB Grayson Burdick 0-0: Fly out, F4 (Line Drive, 4, EV 70.0 MPH)
Batting: RHB Dong-Kyoon Shin 0-0: Foul Ball, location: 9LSF
0-1: Fly out, F3 (Popup, 34, EV 61.9 MPH)
Batting: RHB Martin Taylor 0-0: Foul Ball, location: 2F
0-1: Called Strike
0-2: Ball
1-2: Strikes out looking
Bottom of the 4th over - 0 runs, 0 hits, 0 errors, 0 left on base; Texas 0 - Baltimore 1
TOP OF THE 5TH
Texas Rangers batting - Pitching for Baltimore Orioles : LHP Jay Gordon
Batting: RHB Johan Rodríguez 0-0: Ball
1-0: Ball
2-0: Called Strike
2-1: SINGLE (Line Drive, 56D, EV 96.9 MPH)
Batting: RHB Sebastian Carsten 0-0: Called Strike
0-1: Called Strike
0-2: Fly out, F8 (Flyball, 89D, EV 103.8 MPH)
Batting: RHB Yanus Cartageno 0-0: Foul Ball, location: 5FF
0-1: Ball
1-1: Ball
Johan Rodríguez steals 2nd base
2-1: Foul Ball, location: 9LMF
2-2: DOUBLE (Line Drive, 78D, EV 95.0 MPH)
Johan Rodríguez scores
Batting: LHB Vladimiro Grotacos 0-0: Foul Ball, location: 7LMF
0-1: Ball
1-1: Ball
2-1: Ball
3-1: Fly out, F8 (Flyball, 8RD, EV 97.5 MPH)
Runner from 2nd tags up, SAFE at 3rd with throw by CF
Batting: RHB Marco Ramos 0-0: Called Strike
0-1: Ball
1-1: SINGLE (Line Drive, 9LS, EV 91.9 MPH)
Yanus Cartageno scores
Batting: RHB Matt Mechler 0-0: Ball
Balk!
Marco Ramos to second
1-0: Foul Ball, location: 9LSF
1-1: Foul Ball, location: 25F
1-2: Strikes out swinging
Top of the 5th over - 2 runs, 3 hits, 0 errors, 1 left on base; Texas 2 - Baltimore 1
BOTTOM OF THE 5TH
Baltimore Orioles batting - Pitching for Texas Rangers : RHP Hayden Lévy
Batting: RHB Gonçalo Melo 0-0: Foul Ball, location: 3FF
0-1: Ground out 6-3 (Groundball, 6, EV 80.6 MPH)
Batting: LHB Tony Goerner 0-0: Called Strike
0-1: Foul Ball, location: 2F
0-2: Ball
1-2: Foul Ball, location: 7LDF
1-2: Ball
2-2: Foul Ball, location: 3SF
2-2: Strikes out swinging
Batting: SHB Magglio Trego 0-0: Called Strike
0-1: Called Strike
0-2: Ground out U3 (Groundball, 3S, EV 76.9 MPH)
Bottom of the 5th over - 0 runs, 0 hits, 0 errors, 0 left on base; Texas 2 - Baltimore 1
TOP OF THE 6TH
Texas Rangers batting - Pitching for Baltimore Orioles : LHP Jay Gordon
Batting: RHB Pedro Medrano 0-0: SINGLE (Groundball, 23, EV 75.0 MPH) (infield hit)
Batting: RHB Brock Boon 0-0: Called Strike
0-1: Called Strike
0-2: Ball
1-2: Fly out, F7 (Flyball, 7LS, EV 94.4 MPH)
Batting: RHB Santo Alonso 0-0: Ball
1-0: Called Strike
1-1: Fly out, F7 (Flyball, 7D, EV 100.0 MPH)
Batting: RHB Johan Rodríguez 0-0: Called Strike
0-1: Ball
1-1: Ball
2-1: Called Strike
2-2: Ball
3-2: Strikes out swinging
Top of the 6th over - 0 runs, 1 hit, 0 errors, 1 left on base; Texas 2 - Baltimore 1
BOTTOM OF THE 6TH
Baltimore Orioles batting - Pitching for Texas Rangers : RHP Hayden Lévy
Batting: RHB Mateo Decker 0-0: Ball
1-0: Ball
2-0: Ball
3-0: Base on Balls
Batting: LHB Shaun Lane 0-0: Foul Ball, location: 7LSF
0-1: Ball
1-1: Fly out, F5 (Popup, 5S, EV 85.0 MPH)
Batting: LHB Daryn Webber 0-0: Called Strike
0-1: Called Strike
Mateo Decker is caught stealing 2nd base 2-6
0-2: Foul Ball, location: 3FF
0-2: Ball
1-2: Ball
2-2: Fly out, F4 (Popup, 4S, EV 69.4 MPH)
Bottom of the 6th over - 0 runs, 0 hits, 0 errors, 0 left on base; Texas 2 - Baltimore 1
TOP OF THE 7TH
Texas Rangers batting - Pitching for Baltimore Orioles : LHP Jay Gordon
Pitching: RHP Xavier Basha
Batting: RHB Sebastian Carsten 0-0: Ground out 1-3 (Groundball, 15S, EV 69.4 MPH)
Batting: RHB Yanus Cartageno 0-0: Foul Ball, location: 2LF
0-1: Swinging Strike
0-2: Strikes out swinging
Batting: LHB Vladimiro Grotacos 0-0: SINGLE (Line Drive, 7S, EV 102.5 MPH)
Batting: RHB Marco Ramos 0-0: Ball
1-0: Called Strike
1-1: Fly out, F9 (Flyball, 9, EV 99.4 MPH)
Top of the 7th over - 0 runs, 1 hit, 0 errors, 1 left on base; Texas 2 - Baltimore 1
BOTTOM OF THE 7TH
Baltimore Orioles batting - Pitching for Texas Rangers : RHP Hayden Lévy
Batting: RHB Grayson Burdick 0-0: Ball
1-0: Ball
2-0: Ball
3-0: Called Strike
3-1: Foul Ball, location: 3SF
3-2: Foul Ball, location: 3SF
3-2: Strikes out swinging
Pitching: RHP Brayden Starcher
Batting: RHB Dong-Kyoon Shin 0-0: Ball
1-0: Swinging Strike
1-1: Called Strike
1-2: Foul Ball, location: 9LMF
1-2: Foul Ball, location: 2F
1-2: Ball
2-2: Strikes out swinging
Batting: RHB Martin Taylor 0-0: Ball
1-0: Swinging Strike
1-1: Foul Ball, location: 2F
1-2: Ball
2-2: Ball
3-2: Fly out, F8 (Flyball, 8RM, EV 93.1 MPH)
Bottom of the 7th over - 0 runs, 0 hits, 0 errors, 0 left on base; Texas 2 - Baltimore 1
TOP OF THE 8TH
Texas Rangers batting - Pitching for Baltimore Orioles : RHP Xavier Basha
Batting: RHB Matt Mechler 0-0: Foul Ball, location: 23F
0-1: Foul Ball, location: 2F
0-2: Ball
1-2: Strikes out looking
Batting: RHB Pedro Medrano 0-0: Called Strike
0-1: Ball
1-1: Fly out, F9 (Flyball, 9LDF, EV 110.0 MPH)
Batting: RHB Brock Boon 0-0: Ball
1-0: Swinging Strike
1-1: Foul Ball, location: 2F
1-2: Ball
2-2: Foul Ball, location: 7LSF
2-2: Strikes out swinging, 2-3 out at first.
Top of the 8th over - 0 runs, 0 hits, 0 errors, 0 left on base; Texas 2 - Baltimore 1
BOTTOM OF THE 8TH
Baltimore Orioles batting - Pitching for Texas Rangers : RHP Brayden Starcher
Batting: RHB Gonçalo Melo 0-0: Ball
1-0: Called Strike
1-1: Foul Ball, location: 2F
1-2: Ball
2-2: Strikes out swinging
Pitching: LHP Iván Cruz
Batting: LHB Tony Goerner 0-0: Ball
1-0: Swinging Strike
1-1: Swinging Strike
1-2: Foul Ball, location: 5F
1-2: Strikes out looking
Batting: SHB Magglio Trego 0-0: Ball
1-0: Called Strike
1-1: Hit by Pitch
Batting: RHB Mateo Decker 0-0: Ball
1-0: Swinging Strike
1-1: Fly out, F8 (Flyball, 8LM, EV 93.1 MPH)
Bottom of the 8th over - 0 runs, 0 hits, 0 errors, 1 left on base; Texas 2 - Baltimore 1
TOP OF THE 9TH
Texas Rangers batting - Pitching for Baltimore Orioles : RHP Xavier Basha
Batting: RHB Santo Alonso 0-0: Ball
1-0: Ball
2-0: Fly out, F8 (Flyball, 8RD, EV 100.6 MPH)
Batting: RHB Johan Rodríguez 0-0: Foul Ball, location: 2F
0-1: Ball
1-1: Foul Ball, location: 2F
1-2: Ball
2-2: Foul Ball, location: 5FF
2-2: Foul Ball, location: 2F
2-2: Foul Ball, location: 2F
2-2: Ball
3-2: Base on Balls
Batting: RHB Sebastian Carsten 0-0: Called Strike
0-1: Swinging Strike
0-2: SINGLE (Groundball, 4MD, EV 100.6 MPH)
Johan Rodríguez to second
Pitching: RHP Pat Judd
Batting: RHB Yanus Cartageno 0-0: Ball
1-0: Ball
2-0: Called Strike
2-1: Ball
3-1: Base on Balls
Johan Rodríguez to third
Sebastian Carsten to second
Batting: LHB Vladimiro Grotacos 0-0: Foul Ball, location: 5FF
0-1: Ball
1-1: Foul Ball, location: 9LDF
1-2: Ball
2-2: Foul Ball, location: 25FF
2-2: Foul Ball, location: 2F
2-2: Ball
3-2: Foul Ball, location: 3F
3-2: SINGLE (Line Drive, 9S, EV 89.4 MPH)
Johan Rodríguez scores
Sebastian Carsten to third
Yanus Cartageno to second
Pinch Hitting: LHB Jeremy McCray 0-0: Ball
1-0: Ball
2-0: Foul Ball, location: 3F
2-1: Foul Ball, location: 5F
2-2: Foul Ball, location: 2F
2-2: Grounds into fielders choice 5-2 (Groundball, 5, EV 105.6 MPH)
Yanus Cartageno to third
Vladimiro Grotacos to second
Batting: RHB Matt Mechler 0-0: Fielders Choice at 2nd, 6-4 (Groundball, 6, EV 110.6 MPH)
Top of the 9th over - 1 run, 2 hits, 0 errors, 3 left on base; Texas 3 - Baltimore 1
BOTTOM OF THE 9TH
Baltimore Orioles batting - Pitching for Texas Rangers : LHP Iván Cruz
Pitching: RHP Maximus Kau
Now at C: Juan Pedro Sánchez
Now at 1B: Sebastian Carsten
Now at 3B: Yanus Cartageno
Now at SS: Blake Ellett
Batting: LHB Shaun Lane 0-0: Ball
1-0: Ball
2-0: Ball
3-0: Base on Balls
Batting: LHB Daryn Webber 0-0: Called Strike
0-1: Ground out 4-3 (Groundball, 34, EV 77.5 MPH)
Shaun Lane to second
Batting: RHB Grayson Burdick 0-0: Ball
1-0: Ball
2-0: Ball
3-0: Called Strike
3-1: Called Strike
3-2: Base on Balls
Batting: RHB Dong-Kyoon Shin 0-0: Ball
1-0: Ball
2-0: Grounds into double play, 6-4-3 (Groundball, 56, EV 81.3 MPH)
Bottom of the 9th over - 0 runs, 0 hits, 0 errors, 1 left on base; Texas 3 - Baltimore 1
Monday, April 29th , 2024 - OOTP Baseball 24.11 Build 85